 Dungeon Crawl Stone Soup version 0.29-a0-1019-g84f7d21838 (webtiles) character file.

Game seed: 17800754916892780072

158 xian the Shooter (level 5, -4/30 HPs)
             Began as a Deep Elf Hunter on Aug 10, 2022.
             Killed from afar by Sigmund (8 damage)
             ... with a puff of flame
             ... on level 3 of the Dungeon.
             The game lasted 00:05:35 (2561 turns).

xian the Shooter (Deep Elf Hunter)                  Turns: 2561, Time: 00:05:36

Health: -4/30      AC:  4    Str:  8    XL:     5   Next: 16%
Magic:  7/7        EV: 12    Int: 14    God:
Gold:   181        SH:  0    Dex: 20    Spells: 4/4 levels left

rFire   . . .      SeeInvis .   a - +0 shortbow
rCold   . . .      Faith    .   (shield currently unavailable)
rNeg    + . .      Spirit   .   h - +1 leather armour {rPois}
rPois   +          Reflect  .   (no helmet)
rElec   .          Harm     .   (no cloak)
rCorr   .          Rampage  .   (no gloves)
Will    .....                   (no boots)
Stlth   +.........              (no amulet)
HPRegen 0.10/turn               n - ring of positive energy
MPRegen 0.10/turn               (no ring)

@: confused, hasted, invisible, very quick
A: no striking features
a: no special abilities


You were on level 3 of the Dungeon.
You visited 1 branch of the dungeon, and saw 3 of its levels.

You collected 181 gold pieces.

Inventory:

Hand Weapons
 a - a +0 shortbow (weapon)
 p - a +5 club
Armour
 h - a +1 leather armour of poison resistance (worn)
Jewellery
 n - a ring of positive energy (left hand)
Wands
 c - a wand of light (9)
 o - a wand of polymorph (10)
Scrolls
 b - a scroll of immolation
 e - 3 scrolls of vulnerability
 k - a scroll of identify
Potions
 d - a potion of might {unknown}
 g - a potion of haste
 i - a potion of brilliance
 j - a potion of flight {unknown}
 l - a potion of resistance


   Skills:
 + Level 2.2 Fighting
 + Level 7.8 Ranged Weapons
 + Level 0.8 Armour
 + Level 2.6 Dodging
 + Level 1.2 Stealth


You had 4 spell levels left.
You didn't know any spells.
Your spell library contained the following spells:

 Spells                   Type           Power      Damage    Failure   Level
 Foxfire                  Conj/Fire      0%         2x1d4     38%         1
 Sting                    Tmut/Pois      0%         1d3       38%         1
 Summon Small Mammal      Summ           0%         N/A       38%         1
 Poisonous Vapours        Pois/Air       0%         N/A       52%         2
 Call Canine Familiar     Summ           0%         N/A       77%         3
 Conjure Flame            Conj/Fire      0%         6-21      77%         3
 Inner Flame              Hex/Fire       0%         N/A       77%         3
 Stone Arrow              Conj/Erth      0%         3d7       77%         3
 Summon Guardian Golem    Hex/Summ       0%         N/A       77%         3
 Animate Armour           Summ/Erth      0%         N/A       99%         4
 Flame Wave               Conj/Fire      0%         2d4       99%         4
 Olgreb's Toxic Radiance  Pois           0%         N/A       99%         4
 Orb of Destruction       Conj           0%         9d5       100%        7
 Spellforged Servitor     Conj/Summ      0%         N/A       100%        7
 Lehudib's Crystal Spear  Conj/Erth      0%         10d2      100%        8


Dungeon Overview and Level Annotations

Branches:
Dungeon (3/15)

Altars:
Qazlal

Annotations:
D:3 Sigmund


Message History

You shoot an arrow. The arrow hits Sigmund.
Sigmund is lightly wounded.
Sigmund mumbles some strange words.
Sigmund flickers and vanishes!
Deactivating autopickup; reactivate with Ctrl-A.
No target in view!
No target in view!
No target in view!
You hear a zap.
A puff of flame appears from out of thin air!
The puff of flame hits you.
You are confused.
You bump into the rock wall.
You bump into the rock wall.
You are more confused.
You're too confused to move!
You are more confused.
You're too confused to move!
A magic dart appears from out of thin air!
The magic dart hits you!
You bump into the rock wall.
You bump into the rock wall.
You hear a zap.
A puff of flame appears from out of thin air!
The puff of flame hits you.
You're too confused to move!
You bump into the rock wall.
You're too confused to move!
You hear a zap.
A puff of flame appears from out of thin air!
The puff of flame hits you!
* * * LOW HITPOINT WARNING * * *
It was a potion of invisibility.
You fade into invisibility!
You bump into the rock wall.
Something hits you but does no damage.
You feel yourself speed up.
You hear some strange, mumbled words.
A puff of flame appears from out of thin air!
The puff of flame hits you!
You die...

#.......# ........... #...?.####
.##..#.###... #####.........#
....##.###... .......######.#
.......#...## .......#
#######.....(####
.......########.......#..#..####.
.............................<...
............#######........#..##.
.......####...{.@#..#####..##....
.......# ######....<............
############# #.#.########......
#......# ##...# ###.... #......#
#...## ######.|).
#......###...######.......[.
#......##).###......###..##.
#..............########.###.
#.........#.............####


There were no monsters in sight!

Vanquished Creatures
  An orc priest (D:3)
  Jessica (D:2)
  Robin (D:2)
  An adder (D:2)
  4 dart slugs
  5 orcs (D:3)
  7 endoplasms
  5 giant cockroaches
  10 goblins
  5 hobgoblins
  A quokka (D:2)
  4 ball pythons
  7 bats
  2 frilled lizards
  6 kobolds
  6 rats
66 creatures vanquished.

Notes
Turn   | Place    | Note
-------+----------+-------------------------------------------
     0 | D:1      | xian the Deep Elf Hunter began the quest for the Orb.
     0 | D:1      | Reached XP level 1. HP: 12/12 MP: 3/3
   130 | D:1      | Reached XP level 2. HP: 16/16 MP: 4/4
   173 | D:1      | Reached skill level 6 in Ranged Weapons
   831 | D:2      | Reached XP level 3. HP: 21/21 MP: 5/5
  1342 | D:2      | Noticed Robin
  1351 | D:2      | Killed Robin
  1352 | D:2      | Reached XP level 4. HP: 15/26 MP: 6/6
  1616 | D:2      | Noticed Jessica
  1617 | D:2      | Killed Jessica
  1618 | D:2      | Reached skill level 7 in Ranged Weapons
  1870 | D:3      | Reached XP level 5. HP: 23/30 MP: 7/7
  2186 | D:3      | Found a stormy altar of Qazlal.
  2207 | D:3      | Found a faded altar of an unknown god.
  2533 | D:3      | Noticed Sigmund
  2561 | D:3      | Killed from afar by Sigmund

Illustrated notes

Levels and vault maps discovered:
D:1:      ncdulo_wetmaze, layout_basic, chequers_garden,
          minmay_misc_feat_enclosed
D:2:      layout_basic, minmay_small_reverse_x, uniq_jessica, uniq_robin
D:3:      layout_rooms, grunt_qazlal_clouds,
          shapermc_ecumenical_altar_totnotflames, uniq_sigmund

Skill      XL: |  1  2  3  4 |
---------------+-------------+-----
Ranged Weapons | 6 7 |  7.8
Fighting       | 2 |  2.2
Armour         | |  0.8
Dodging        | |  2.6
Stealth        | |  1.2

Action                   |  1- 3 |  4- 6 || total
-------------------------+-------+-------++-------
Melee: Club              |       |     3 ||     3
 Fire: Shortbow          |    98 |    39 ||   137
  Use: Scroll            |     3 |     5 ||     8
       Potion            |       |     2 ||     2
Armor: Leather armour    |     8 |     3 ||    11
Dodge: Dodged            |    24 |    14 ||    38

Table legend: (Time is in decaauts)
 A = Elapsed time spent in this place.
 B = Non-inter-level travel time spent in this place.
 C = Inter-level travel time spent in this place.
 D = Time resting spent in this place.
 E = Time spent auto-exploring this place.
 F = Levels seen in this place.
 G = Mean time per level.
                   A        B        C        D        E       F      G
               +--------+--------+--------+--------+--------+-----+--------+
         Total |   2599 |   2561 |     38 |    272 |   1896 |   3 |  866.3 |
       Dungeon |   2599 |   2561 |     38 |    272 |   1896 |   3 |  866.3 |
               +--------+--------+--------+--------+--------+-----+--------+

Top non-repeatable levels by time:
     D:2: 1022 daAuts
     D:3: 797 daAuts
     D:1: 779 daAuts
